 Dungeon Crawl Stone Soup version 0.30-a0-322-g102857c98e (webtiles) character file.

Game seed: 9585184723614901218

3986 lunkers the Summoner (level 10, -3/69 HPs)
             Began as a Meteoran Earth Elementalist on Oct 26, 2022.
             Was an Initiate of Gozag.
             Shot with an arrow by a centaur (5 damage)
             ... on level 9 of the Dungeon on Oct 27, 2022.
             The game lasted 00:08:30 (3832 turns).

lunkers the Summoner (Meteoran Earth Elementalist)  Turns: 3832, Time: 00:08:30

Health: -3/69      AC:  5    Str:  9    XL:     10   Next: 74%
Magic:  9/25       EV: 12    Int: 20    God:    Gozag
Gold:   419        SH:  0    Dex: 15    Spells: 7/29 levels left

rFire   . . .      SeeInvis +    m - +2 rapier "Gram" {vorpal, Will+ rCorr Int-2}
rCold   . . .      Faith    .    (no shield)
rNeg    . . .      Spirit   .    a - +0 robe
rPois   .          Reflect  .    (no helmet)
rElec   .          Harm     .    k - +0 cloak
rCorr   +          Rampage  .    (no gloves)
Will    ++...                    q - +1 pair of boots
Stlth   +.........               (no amulet)
HPRegen 0.31/turn                v - ring of see invisible
MPRegen 0.19/turn                (no ring)

@: glowing
A: sense surroundings 2, otherworldly, glowing, explore regen
a: Renounce Religion, Potion Petition, Call Merchant, Bribe Branch


You were on level 9 of the Dungeon.
You worshipped Gozag.
Gozag was aware of your devotion.
You visited 1 branch of the dungeon, and saw 9 of its levels.

You collected 686 gold pieces.
You spent 198 gold pieces at shops.
You paid 69 gold pieces to Gozag.

Inventory:

Hand Weapons
 e - a +0 short sword of venom
 h - a +4 halberd
 i - a +5 morningstar
 m - the +2 rapier "Gram" (weapon) {vorpal, Will+ rCorr Int-2}
   (You bought it in a shop on level 8 of the Dungeon)

   It inflicts extra damage upon your enemies.
   Int:       It affects your intelligence (-2).
   rCorr:     It protects you from acid and corrosion.
   Will:      It increases your willpower.
Armour
 a - a +0 robe (worn)
 d - +0 swamp dragon scales
 k - a +0 cloak (worn)
 q - a +1 pair of boots (worn)
Jewellery
 v - a ring of see invisible (left hand)
Wands
 l - a wand of quicksilver (4)
 p - a wand of roots (6)
 w - a wand of flame (21)
 x - a wand of mindburst (30)
Scrolls
 c - a scroll of enchant armour
 f - a scroll of fog
Potions
 b - 2 potions of magic
 g - a potion of flight
 j - a potion of berserk rage
 o - 2 potions of mutation


   Skills:
 - Level 2.4 Dodging
 - Level 1.4 Stealth
 + Level 10.3 Spellcasting
 * Level 11.8 Summonings
 - Level 1.2 Transmutations
 - Level 8.3 Earth Magic


You had 7 spell levels left.
You knew the following spells:

 Your Spells              Type           Power      Damage    Failure   Level
a - Sandblast             Erth           86%        2d18      1%          1
b - Passwall              Tmut/Erth      24%        N/A       1%          2
c - Stone Arrow           Conj/Erth      54%        3d10      3%          3
d - Summon Ice Beast      Ice/Summ       34%        N/A       6%          4
e - Summon Mana Viper     Hex/Summ       34%        N/A       16%         5
f - Monstrous Menagerie   Summ           27%        N/A       41%         7

Your spell library contained the following spells:

 Spells                   Type           Power      Damage    Failure   Level
 Wereblood                Tmut           15%        N/A       6%          2
 Sublimation of Blood     Necr           10%        N/A       10%         2
 Petrify                  Tmut/Erth      29%        N/A       10%         4
 Summon Hydra             Summ           27%        N/A       41%         7


Dungeon Overview and Level Annotations

Branches:
Dungeon (9/15) Zot: 1487   Temple (0/1) D:6
   Lair: D:8-11         Orc: D:9-12

Altars:
Dithmenos
Gozag
Nemelex Xobeh
Trog
Vehumet
Yredelemnul

Shops:
D:5 *   D:8 ([?


Innate Abilities, Weirdness & Mutations

You passively map the area around you.
You are easily found by Zot.
You glow in the dark.
You regain HP and MP as you explore.


Message History

Confirm with . or Enter, or press ? or * to list all spells.
Okay, then.
Casting: Sandblast (safe; 1% risk of failure)
Confirm with . or Enter, or press ? or * to list all spells.
A chill wind blows around you. The centaur closely misses you.
The centaur kicks you.
* * * LOW HITPOINT WARNING * * *
The wyvern bites you.
* * * LOW HITPOINT WARNING * * *
The wyvern completely misses you. The centaur hits you.
* * * LOW HITPOINT WARNING * * *
The centaur kicks you.
* * * LOW HITPOINT WARNING * * *
Okay, then.
Okay, then.
Casting: Summon Ice Beast (dangerous; 6% risk of failure)
Confirm with . or Enter, or press ? or * to list all spells.
Okay, then.
Casting: Summon Ice Beast (dangerous; 6% risk of failure)
Confirm with . or Enter, or press ? or * to list all spells.
The spell is quite dangerous to miscast (16% risk of failure)!
Continue anyway?
A mana viper appears with a sibilant hiss.
The wyvern is distracted by your dazzling golden aura.
The wyvern bites you!
* * * LOW HITPOINT WARNING * * *
The centaur closely misses you. The centaur barely misses you.
The water moccasin is distracted by your dazzling golden aura.
The wyvern is distracted by your dazzling golden aura.
Your ice beast barely misses the wyvern.
The water moccasin hisses angrily.
The centaur attacks as you move away!
The centaur hits you but does no damage.
The centaur kicks you.
* * * LOW HITPOINT WARNING * * *
The wyvern hisses angrily.
The wyvern is no longer distracted by gold.
The centaur wields a +0 shortbow.
The centaur shoots an arrow.
The arrow hits you.
You die...
Your body crumbles into a pile of gold.

* * .* * , .#### , .
## ( #.....# *
**#(###. ,.#....... *
, ......###........ *
***#..$$..S#.........
* *#.$lclY........#
,, #...........# * *
* * #@..........#
*,.......S#.........#
, ,
#.#######.........# *
#.........# * *
#.........# *
#..<....... * ,*
##.......##** * ,
##......# , ,, , * *
######...


You could see a water moccasin, 2 wyverns, a centaur (ally target), a friendly
mana viper (summoned) and a friendly ice beast (summoned).

Vanquished Creatures
  Joseph (D:7)
  Maggie (D:6)
  Grinder (D:5)
  Eustachio (D:5)
  2 steam dragons
  Edmund (D:5)
  A water moccasin (D:6)
  An orc warrior (D:8)
  2 ice beasts (D:7)
  2 black bears
  3 sky beasts
  2 centaurs
  A phantom (D:4)
  A kobold brigand (D:8)
  2 bullfrogs
  4 scorpions
  2 necrophages
  4 wights (D:7)
  2 killer bees (D:7)
  3 howler monkeys
  4 orc priests
  A hound (D:4)
  3 jellies
  3 iguanas
  2 orc wizards (D:8)
  6 adders
  A shadow imp (D:7)
  An ufetubus (D:6)
  A dart slug (D:4)
  13 orcs
  A bat (D:1)
  3 endoplasms
  A giant cockroach (D:2)
  4 goblins
  5 hobgoblins
  4 jackals (D:2)
  A quokka (D:3)
  4 ball pythons
  4 frilled lizards (D:1)
  10 kobolds
  2 rats
111 creatures vanquished.

Vanquished Creatures (collateral kills)
  4 killer bees (D:7)
  An orc wizard (D:7)
  An orc (D:7)
6 creatures vanquished.

Vanquished Creatures (others)
  2 fungi (D:9)
  A plant (D:9)
3 creatures vanquished.

Grand Total: 120 creatures vanquished

Notes
Turn   | Place    | Note
-------+----------+-------------------------------------------
     0 | D:1      | lunkers the Meteoran Earth Elementalist began the quest for
                  | the Orb.
     0 | D:1      | Reached XP level 1. HP: 14/14 MP: 5/5
    93 | D:1      | Reached XP level 2. HP: 20/20 MP: 4/6
   514 | D:2      | Reached XP level 3. HP: 16/26 MP: 4/8
   898 | D:2      | Reached XP level 4. HP: 33/33 MP: 8/10
   903 | D:2      | Reached skill level 5 in Earth Magic
  1478 | D:4      | Noticed a phantom
  1481 | D:4      | Killed a phantom
  1482 | D:4      | Reached XP level 5. HP: 38/38 MP: 6/12
  1489 | D:4      | Noticed a black bear
  1495 | D:4      | Killed a black bear
  1496 | D:4      | Reached XP level 6. HP: 45/45 MP: 7/14
  1541 | D:4      | Reached skill level 5 in Spellcasting
  1595 | D:4      | Reached XP level 7. HP: 50/50 MP: 11/15
  1595 | D:4      | Upgraded the game from 0.30-a0-313-gae38170b09 to
                  | 0.30-a0-322-g102857c98e
  1649 | D:5      | Entered Level 5 of the Dungeon
  1649 | D:5      | Noticed Grinder
  1694 | D:5      | Killed Grinder
  1717 | D:5      | Learned a level 2 spell: Passwall
  1721 | D:5      | Learned a level 3 spell: Stone Arrow
  1726 | D:5      | Learned a level 4 spell: Summon Ice Beast
  1739 | D:5      | Reached XP level 8. HP: 57/57 MP: 14/17
  1749 | D:5      | Reached skill level 1 in Summonings
  1771 | D:5      | Noticed Edmund
  1789 | D:5      | Noticed Eustachio
  1792 | D:5      | Killed Eustachio
  1793 | D:5      | Reached skill level 3 in Summonings
  1806 | D:5      | Found a shadowy altar of Dithmenos.
  1811 | D:5      | Found a basalt altar of Yredelemnul.
  1813 | D:5      | Found a radiant altar of Vehumet.
  1815 | D:5      | Found a bloodstained altar of Trog.
  1823 | D:5      | Found an opulent altar of Gozag.
  1827 | D:5      | Became a worshipper of Gozag Ym Sagoz the Greedy
  1949 | D:5      | Found Pettuecicap's Assorted Antiques.
  2072 | D:5      | Killed Edmund
  2073 | D:5      | Reached skill level 4 in Summonings
  2213 | D:6      | Found a staircase to the Ecumenical Temple.
  2249 | D:6      | Reached skill level 5 in Summonings
  2344 | D:6      | Reached skill level 6 in Summonings
  2344 | D:6      | Gained mutation: You passively map the area around you.
                  | [Meteoran growth]
  2344 | D:6      | Reached XP level 9. HP: 37/62 MP: 15/21
  2352 | D:6      | Noticed Maggie
  2360 | D:6      | Killed Maggie
  2361 | D:6      | Reached skill level 7 in Summonings
  2649 | D:6      | Reached skill level 8 in Summonings
  2675 | D:7      | Noticed Joseph
  2683 | D:7      | Killed Joseph
  2695 | D:7      | Learned a level 5 spell: Summon Mana Viper
  2698 | D:7      | Reached skill level 9 in Summonings
  2731 | D:7      | Reached XP level 10. HP: 69/69 MP: 21/23
  2933 | D:7      | Reached skill level 10 in Summonings
  3215 | D:7      | Found a sparkling altar of Nemelex Xobeh.
  3222 | D:7      | Reached skill level 11 in Summonings
  3223 | D:7      | HP: 2/69 [poisoned by a killer bee]
  3228 | D:7      | HP: 4/103 [poisoned by a killer bee]
  3230 | D:7      | Reached skill level 10 in Spellcasting
  3236 | D:7      | HP: 5/103 [poisoned by a killer bee]
  3275 | D:7      | Learned a level 7 spell: Monstrous Menagerie
  3379 | D:8      | Found Moosec's Armour Shoppe.
  3390 | D:8      | Found Xyeripim's Antique Weapon Shoppe.
  3406 | D:8      | Bought a transparent rapier for 198 gold pieces
  3406 | D:8      | Identified the +2 rapier "Gram" {vorpal, Will+ rCorr Int-2}
                  | (You bought it in a shop on level 8 of the Dungeon)
  3680 | D:8      | Found Zucsenti's Magic Scroll Shop.
  3831 | D:9      | HP: 2/69 [wyvern (15)]
  3832 | D:9      | Shot with an arrow by a centaur

Illustrated notes

Levels and vault maps discovered:
D:1:      scummos_arrival_checkerplants, layout_loops_ring,
          shapermc_ecumenical_altar_mp_urbaneastern,
          chequers_serial_rivers_marsh, minmay_misc_feat_pillars,
          grunt_decor_mini_mirrors
D:2:      layout_loops_corners
D:3:      layout_loops_corners
D:4:      cheibrodos_helix_gallery, layout_gridville,
          gammafunk_ghost_nasty_kobolds
D:5:      lemuel_ratsnest, layout_rooms, nicolae_overflow_hallway_of_the_gods,
          serial_shops, shop, nicolae_sextant, minmay_misc_feat_nine_boxes,
          kennysheep_generic_room_15, uniq_edmund, uniq_grinder, uniq_eustachio
D:6:      layout_gridville, minmay_temple_entry_slanted, nrook_mini_backslash,
          uniq_maggie
D:7:      layout_layer_cave, mainiacjoe_overflow_big_doors, uniq_joseph
D:8:      layout_basic, serial_shops, shop, shop, nicolae_square_shop
D:9:      statuecave_lemuel, layout_rooms, minmay_lair_entry_grove

Skill      XL: |  1  2  3  4  5  6  7  8  9 10 |
---------------+-------------------------------+-----
Earth Magic    | 4 6 7 8 |  8.3
Spellcasting   | 3 4 5 7 8 10 | 10.3
Summonings     | 6 9 11 | 11.8
Dodging        | |  2.4
Stealth        | |  1.4
Transmutations | |  1.2

Action                   |  1- 3 |  4- 6 |  7- 9 | 10-12 || total
-------------------------+-------+-------+-------+-------++-------
Melee: Morningstar       |       |       |       |     2 ||     2
       Short sword       |       |       |       |     2 ||     2
 Cast: Sandblast         |    38 |    33 |    38 |    45 ||   154
       Stone Arrow       |       |       |    17 |    20 ||    37
       Summon Ice Beast  |       |       |       |     4 ||     4
       Summon Mana Viper |       |       |       |     1 ||     1
Evoke: Wand              |       |       |     1 |       ||     1
  Use: Scroll            |       |       |       |    12 ||    12
       Potion            |       |       |       |     3 ||     3
Armor: Robe              |     2 |     1 |     4 |    12 ||    19
Dodge: Dodged            |     4 |     4 |    19 |    52 ||    79

Table legend: (Time is in decaauts)
 A = Elapsed time spent in this place.
 B = Non-inter-level travel time spent in this place.
 C = Inter-level travel time spent in this place.
 D = Time resting spent in this place.
 E = Time spent auto-exploring this place.
 F = Levels seen in this place.
 G = Mean time per level.
                   A        B        C        D        E       F      G
               +--------+--------+--------+--------+--------+-----+--------+
         Total |   3911 |   3589 |    322 |     21 |   2590 |   9 |  434.6 |
       Dungeon |   3911 |   3589 |    322 |     21 |   2590 |   9 |  434.6 |
               +--------+--------+--------+--------+--------+-----+--------+

Top non-repeatable levels by time:
     D:7: 667 daAuts
     D:2: 597 daAuts
     D:6: 537 daAuts
     D:8: 490 daAuts
     D:1: 487 daAuts
     D:5: 465 daAuts
     D:3: 423 daAuts
     D:4: 217 daAuts
     D:9: 23 daAuts
